 Dungeon Crawl Stone Soup version 0.23.1-37-gaa34b87 (webtiles) character file.

Game seed: 2977830573783037876

2656 dengdeng the Cleaver (level 9, 0/78 HPs)
             Began as a Hill Orc Berserker on Mar 26, 2019.
             Was an Elder of Trog.
             Slain by Pikel
             ... wielding a +2 whip of electrocution
              (2 damage)
             ... on level 7 of the Dungeon.
             The game lasted 00:23:32 (7274 turns).

dengdeng the Cleaver (Hill Orc Berserker)           Turns: 7274, Time: 00:23:33

Health: 0/78       AC:  7    Str: 23    XL:     9   Next: 62%
Magic:  9/9        EV: 12    Int:  7    God:    Trog [****..]
Gold:   353        SH:  0    Dex: 10    Spells: 8/8 levels left

rFire    . . .     SeeInvis .   D - +2 war axe (vamp)
rCold    . . .     Gourm    .   (no shield)
rNeg     . . .     Faith    .   r - +0 ring mail
rPois    +         Spirit   .   (no helmet)
rElec    .         Reflect  .   s - +0 cloak
rCorr    +         Harm     .   (no gloves)
MR       .....                  (no boots)
Stlth    +.........             (no amulet)
HPRegen  0.23/turn              y - ring of resist corrosion
MPRegen  0.11/turn              z - ring of poison resistance

@: no status effects
A: no striking features
a: Berserk, Trog's Hand, Brothers in Arms, Renounce Religion


You were on level 7 of the Dungeon.
You worshipped Trog.
Trog was greatly pleased with you.
You were near starving.

You visited 1 branch of the dungeon, and saw 7 of its levels.

You collected 353 gold pieces.

Inventory:

Hand Weapons
 a - a +0 hand axe
 t - a +0 war axe
 D - a +2 vampiric war axe (weapon)
Missiles
 g - 255 stones (quivered)
Armour
 r - a +0 ring mail (worn)
 s - a +0 cloak (worn)
 v - a cursed +0 pair of gloves
Jewellery
 y - a ring of resist corrosion (left hand)
 z - a ring of poison resistance (right hand)
Wands
 u - a wand of iceblast (9)
Scrolls
 d - 8 scrolls of identify {unknown}
 e - 2 scrolls of fear {unknown}
 j - 7 scrolls of remove curse {unknown}
 l - a scroll of amnesia {unknown}
 m - 2 scrolls of magic mapping {unknown}
 o - 4 scrolls of teleportation {unknown}
 A - 4 scrolls of enchant armour {unknown}
 C - a scroll of noise {unknown}
 E - a scroll of fog {unknown}
 F - a scroll of enchant weapon {unknown}
 H - a scroll of blinking {unknown}
Potions
 b - a potion of lignification {unknown}
 f - a potion of flight {unknown}
 h - a potion of resistance {unknown}
 i - 2 potions of brilliance {unknown}
 k - a potion of cancellation {unknown}
 n - 3 potions of curing
 p - 2 potions of heal wounds {unknown}
 q - a potion of mutation {unknown}
 w - 4 potions of might {unknown}
 x - a potion of degeneration {unknown}
 B - a potion of invisibility {unknown}
Comestibles
 c - 9 rations
 G - 3 chunks of flesh


   Skills:
 + Level 6.7 Fighting
 * Level 12.4 Axes
 + Level 2.2 Throwing
 + Level 7.0 Armour
 + Level 3.0 Dodging
 + Level 0.5 Stealth


You had 8 spell levels left.
You didn't know any spells.
Your spell library was empty.

Dungeon Overview and Level Annotations

Branches:
Dungeon (7/15)             Temple (0/1) D:7

Altars:
Okawaru
Qazlal

Annotations:
D:7 Pikel


Message History

The slave closely misses you.
You're too hungry.
You hit Pikel.
You feel better.
Pikel is moderately wounded.
You slash the slave!
You feel better.
Pikel hits you with a +2 whip of electrocution.
* * * LOW HITPOINT WARNING * * *
The slave hits you!
* * * LOW HITPOINT WARNING * * *
Pikel barely misses you.
Unknown command.
You closely miss Pikel.
Pikel is moderately wounded.
You hit the slave. Pikel closely misses you. The slave barely misses you.
You hit Pikel.
You feel better.
Pikel is moderately wounded.
You barely miss the slave. Pikel barely misses you.
The slave barely misses you.
Pikel hits you with a +2 whip of electrocution.
You die...

# # # # ### ## #.. .. #(#
#####.##################.#
........p@Kpp.............
.......######.##########.#
#.#.... #.# #.. .#.#...
#.# #.# #.#.#.. #.# ###
.>.#..? #.# #.#.#.# #.#
.#.#.. #.# #.#


You could see Pikel and 3 slaves.

Vanquished Creatures
  A centaur zombie (D:6)
  Sigmund (D:4)
  Eustachio (D:4)
  A hungry ghost (D:7)
  Menkaure (D:5)
  2 phantoms
  An orc warrior (D:6)
  2 ice beasts
  2 sky beasts
  A centaur (D:6)
  A bullfrog (D:6)
  2 scorpions
  2 howler monkeys
  4 crimson imps
  A bullfrog zombie (D:5)
  A centaur skeleton (D:5)
  2 hounds
  4 orc wizards
  A bullfrog skeleton (D:7)
  Ijyb (D:4)
  3 worker ants
  A hound skeleton (D:6)
  A howler monkey zombie (D:5)
  10 gnolls
  9 adders
  A shadow imp (D:5)
  An ooze (D:1)
  An adder skeleton (D:6)
  A worm (D:2)
  4 leopard geckos
  10 orcs
  6 giant cockroaches
  2 hobgoblins
  9 jackals
  2 quokkas
  2 ball pythons
  8 bats
  6 frilled lizards
  8 goblins
  3 kobolds (D:3)
  3 rats
123 creatures vanquished.

Notes
Turn   | Place    | Note
-------+----------+-------------------------------------------
     0 | D:1      | dengdeng the Hill Orc Berserker began the quest for the
                  | Orb.
     0 | D:1      | Reached XP level 1. HP: 19/19 MP: 1/1
   173 | D:1      | Reached XP level 2. HP: 21/27 MP: 2/2
   832 | D:1      | Reached XP level 3. HP: 32/33 MP: 3/3
  1039 | D:2      | Reached skill level 5 in Axes
  1387 | D:2      | You fall through a shaft for 2 floors!
  2055 | D:3      | Reached XP level 4. HP: 35/40 MP: 4/4
  2292 | D:3      | Reached ** piety under Trog
  2663 | D:3      | Reached skill level 6 in Axes
  2667 | D:3      | Reached XP level 5. HP: 34/46 MP: 5/5
  2896 | D:3      | Found a faded altar of an unknown god.
  3012 | D:4      | Noticed Sigmund
  3020 | D:4      | Killed Sigmund
  3020 | D:4      | Reached skill level 7 in Axes
  3020 | D:4      | Reached XP level 6. HP: 53/53 MP: 6/6
  3072 | D:4      | Noticed Eustachio
  3078 | D:4      | Killed Eustachio
  3078 | D:4      | Reached XP level 7. HP: 60/60 MP: 7/7
  3198 | D:4      | Reached skill level 5 in Fighting
  3328 | D:4      | Noticed Ijyb
  3337 | D:4      | Killed Ijyb
  3445 | D:4      | Found a stormy altar of Qazlal.
  3650 | D:5      | Entered Level 5 of the Dungeon
  3817 | D:5      | Reached skill level 8 in Axes
  4615 | D:5      | Noticed Menkaure
  4626 | D:5      | Killed Menkaure
  4626 | D:5      | Reached skill level 5 in Armour
  4974 | D:5      | Reached skill level 9 in Axes
  4974 | D:5      | Reached XP level 8. HP: 57/68 MP: 8/8
  4985 | D:5      | Reached *** piety under Trog
  4987 | D:5      | Reached skill level 1 in Throwing
  5829 | D:6      | Reached skill level 10 in Axes
  5979 | D:6      | Found an iron altar of Okawaru.
  6064 | D:6      | Reached skill level 11 in Axes
  6064 | D:6      | Reached XP level 9. HP: 63/75 MP: 9/9
  6660 | D:6      | Found a stormy altar of Qazlal.
  7228 | D:7      | Found a staircase to the Ecumenical Temple.
  7241 | D:7      | Reached skill level 12 in Axes
  7256 | D:7      | Reached **** piety under Trog
  7257 | D:7      | Noticed Pikel
  7272 | D:7      | HP: 1/78 [slave[Pikel] (7)]
  7274 | D:7      | Slain by Pikel

Skill      XL: |  1  2  3  4  5  6  7  8  9 |
---------------+----------------------------+-----
Fighting       | 4 5 6 |  6.7
Axes           | 5 6 7 9 11 12 | 12.4
Dodging        | 2 3 |  3.0
Armour         | 3 4 5 6 7 |  7.0
Throwing       | 1 2 |  2.2
Stealth        | |  0.5

Action                   |  1- 3 |  4- 6 |  7- 9 || total
-------------------------+-------+-------+-------++-------
Melee: Hand axe          |   103 |    94 |       ||   197
       War axe           |       |    10 |   343 ||   353
Throw: Stone             |    23 |       |    65 ||    88
Invok: Berserk           |       |     4 |     2 ||     6
  Use: Potion            |       |       |     1 ||     1
  Eat: Chunk             |     3 |     7 |    10 ||    20
       Ration            |       |       |     3 ||     3
Armor: Animal skin       |    30 |       |       ||    30
       Ring mail         |     2 |    48 |    98 ||   148
Dodge: Dodged            |    73 |    62 |   146 ||   281
